 Dungeon Crawl Stone Soup version 0.17.0-28-g6e173f8 (console) character file.

140 Kloppie the Skirmisher (level 5, 0/44 HPs)
             Began as a Formicid Fighter on Nov 22, 2015.
             Was a Believer of Cheibriados.
             Killed by nerve-wracking pain
             ... invoked by Grinder
              (14 damage)
             ... on level 3 of the Dungeon.
             The game lasted 00:03:38 (2050 turns).

Kloppie the Skirmisher (Formicid Fighter)           Turns: 2050, Time: 00:03:38

Health: 0/44       AC:  6    Str: 25    XL:     5   Next: 47%
Magic:  5/5        EV:  8    Int: 11    God:    Cheibriados [**....]
Gold:   47         SH: 11    Dex: 15    Spells: 0 memorised, 4 levels left

rFire  . . .     SeeInvis +     a - +0 war axe
rCold  . . .     Clarity  .     b - +0 scale mail
rNeg   + . .     SustAt   .     c - +1 shield
rPois  .         Gourm    .     (helmet unavailable)
rElec  .         Spirit   .     (no cloak)
rCorr  .         Warding  +     (no gloves)
rMut   .         Stasis   +     (no boots)
MR     .....                    q - amulet of warding
Stlth  ..........               (no ring)
                                (no ring)

@: very slow, not resistant to hostile enchantments, extremely unstealthy
A: permanent stasis, dig shafts and tunnels, four strong arms, antennae 3
a: Dig, Shaft Self, Bend Time, Renounce Religion


You were on level 3 of the Dungeon.
You worshipped Cheibriados.
Cheibriados was pleased with you.
You were not hungry.

You visited 1 branch of the dungeon, and saw 3 of its levels.

You collected 47 gold pieces.

Inventory:

Hand Weapons
 a - a +0 war axe (weapon)
Armour
 b - a +0 scale mail (worn)
 c - a +1 shield (worn)
Jewellery
 q - an amulet of warding (around neck)
Wands
 d - a wand of paralysis (9)
Scrolls
 j - a scroll of amnesia {unknown}
 k - a scroll of remove curse
 m - a scroll of random uselessness {unknown}
 o - 2 scrolls of identify
 p - a scroll of teleportation
 r - a scroll of enchant armour
Potions
 f - a potion of resistance
 h - a potion of mutation {unknown}
Books
 g - a Necronomicon

   Spells                             Type                      Level
   a - Haunt                          Necromancy/Summoning         7
   b - Borgnjor's Revivification      Necromancy                   8
   c - Death's Door                   Charms/Necromancy            8
   d - Necromutation                  Transmutation/Necromancy     8
Comestibles
 e - a bread ration
 i - 3 meat rations
 l - 2 beef jerkies
 n - a chunk of flesh


   Skills:
 + Level 5.1 Fighting
 + Level 3.8 Axes
 - Level 3.2 Armour
 - Level 3.6 Shields
 + Level 0.0 Invocations


You had 4 spell levels left.
You didn't know any spells.

Dungeon Overview and Level Annotations

Branches:
Dungeon (3/15)

Altars:
Cheibriados

Annotations:
D:3 Grinder


Innate Abilities, Weirdness & Mutations

You are under a permanent stasis effect.
You can dig through walls and to a lower floor.
Your four strong arms can wield two-handed weapons with a shield.
You have a pair of large antennae on your head (SInv).


Message History

Grinder gestures.
Grinder blinks!
Grinder gestures at you.
You struggle to resist.
You barely miss Grinder.
Grinder is lightly wounded.
You block Grinder's attack. Grinder hits you.
You hit Grinder but do no damage.
Grinder is lightly wounded.
Grinder barely misses you.
You slash Grinder!
Grinder is moderately wounded.
Grinder gestures.
Grinder blinks!
Grinder gestures at you. Pain shoots through your body!
* * * LOW HITPOINT WARNING * * *
Grinder gestures at you. Pain shoots through your body!
You die...

#.....# .(.##
#.....# #....##
#.....#
#....######
#.....#
#........#
....{.##
###........#
##.#...
...........#
#..#.##
#.......# #§##.
#####....5..#
..#..
#....†.@....# .
#.#
#.####......#
#>######.#
##......# .
#.#......#
#.......#
.##...######
#.......#
.....##
##.###..##
....## ###..#
##.# ..#.##
##...## #.#
###..#####..###
#.#


You could see Grinder.

Vanquished Creatures
  An orc wizard (D:2)
  5 adders
  A giant gecko (D:2)
  2 orcs
  4 giant cockroaches
  9 goblins
  9 hobgoblins
  6 jackals
  4 bats
  6 giant newts
  8 kobolds
  5 rats
60 creatures vanquished.

Notes
Turn   | Place    | Note
--------------------------------------------------------------
     0 | D:1      | Kloppie the Formicid Fighter began the quest for the Orb.
     0 | D:1      | Reached XP level 1. HP: 18/18 MP: 1/1
   282 | D:1      | Reached XP level 2. HP: 12/24 MP: 2/2
   714 | D:1      | Reached XP level 3. HP: 30/30 MP: 3/3
   838 | D:1      | Found a snail-covered altar of Cheibriados.
   842 | D:1      | Became a worshipper of Cheibriados the Contemplative
   872 | D:1      | Reached skill level 4 in Fighting
  1253 | D:2      | Reached XP level 4. HP: 31/38 MP: 4/4
  1328 | D:2      | Reached * piety under Cheibriados
  1589 | D:3      | Noticed Grinder
  1631 | D:2      | HP: 1/38 [orc wizard/dagger (3)]
  1636 | D:2      | Reached skill level 5 in Fighting
  1636 | D:2      | Reached XP level 5. HP: 2/44 MP: 5/5
  1972 | D:3      | Reached ** piety under Cheibriados
  2050 | D:3      | Killed from afar by Grinder

Action                   |  1- 3 |  4- 6 || total
-------------------------+-------+-------++-------
Melee: War axe           |    92 |    94 ||   186
  Use: Scroll            |     2 |     4 ||     6
       Potion            |       |     1 ||     1
  Eat: Chunk             |     1 |     2 ||     3
